 Dungeon Crawl Stone Soup version 0.28-a0-657-g71136c5590 (webtiles) character file.

Game seed: 5765885349698856971

7046 IndexError the Fighter (level 11, -3/127 HPs)
             Began as a Djinni Cinder Acolyte on Oct 13, 2021.
             Was a Priest of Ignis.
             Slain by Urug (11 damage)
             ... on level 10 of the Dungeon.
             The game lasted 00:29:04 (14488 turns).

IndexError the Fighter (Djinni Cinder Acolyte)     Turns: 14488, Time: 00:29:04

Health: -3/127     AC: 25    Str: 13    XL:     11   Next: 30%
Gold:   643        EV:  2    Int: 19    God:    Ignis [***...] SH:  0 Dex: 12

rFire   + . .      SeeInvis +   B - +10 flail "Nerecwa" {antimagic, *Slow rElec Will+ Dex+3}
rCold   . . .      Faith    .   (no shield)
rNeg    . . .      Spirit   .   (armour currently unavailable)
rPois   ∞          Reflect  .   (helmet currently unavailable)
rElec   +          Harm     .   (cloak currently unavailable)
rCorr   .          Rampage  .   (gloves currently unavailable)
Will    ++...      NoTele   +   (boots unavailable)
Stlth   +.........              y - amulet of the acrobat
HPRegen 0.31/turn               J - ring of see invisible {sInv, !d}
MPRegen 0.00/turn               (no ring)

@: confused, tree-form, ambrosia-drunk
A: stationary, stasis, torment immunity, boosted hp, sickness immunity, (fire
resistance 2), (cold vulnerability 1), float, innate caster, hp casting, extra
vitality 1
a: Renounce Religion, Sea of Fire, Foxfire Swarm, Rising Flame


You were on level 10 of the Dungeon.
You worshipped Ignis.
Ignis was most pleased with you.
You were a tree.
You visited 2 branches of the dungeon, and saw 11 of its levels.
You also visited: Ossuary.

You collected 643 gold pieces.

Inventory:

Hand Weapons
 a - a +3 whip of flaming
   (You took it off Pikel on level 4 of the Dungeon)
 b - a +0 hunting sling of flaming
   (You took it off a goblin on level 2 of the Dungeon)
 B - the +10 flail "Nerecwa" (weapon) {antimagic, *Slow rElec Will+ Dex+3}
   (You found it on level 6 of the Dungeon)

   It reduces the magical energy of the wielder, and disrupts the spells and
   magical abilities of those it strikes.
   Natural abilities and divine invocations are not affected.
   Dex:       It affects your dexterity (+3).
   rElec:     It insulates you from electricity.
   *Slow:     It may slow you when you take damage.
   Will:      It increases your willpower.
Missiles
 i - 451 stones (quivered)
 z - a curare-tipped dart
Armour
 e - a +2 pair of gloves (melded)
   (You found it on level 1 of the Dungeon)
 f - +0 steam dragon scales (melded)
   (You found it on level 9 of the Dungeon)
 m - a +0 buckler
   (You found it on level 3 of the Dungeon)
 H - a +2 hat (melded)
   (You found it on level 7 of the Dungeon)
Magical Staves
 p - a staff of air {rElec}
   (You found it on level 3 of the Dungeon)
Jewellery
 y - an amulet of the acrobat (around neck)
   (You found it on level 6 of the Dungeon)
 J - a ring of see invisible (left branch) {sInv, !d}
   (You found it on level 7 of the Dungeon)
Wands
 d - a wand of flame (22)
   (You took it off Sigmund on level 2 of the Dungeon)
 h - a wand of acid (9)
   (You found it on level 8 of the Dungeon)
 F - a wand of charming (12)
   (You found it on level 7 of the Dungeon)
 I - a wand of mindburst (22)
   (You found it on level 7 of the Dungeon)
 K - a wand of paralysis (14)
   (You found it on level 7 of the Dungeon)
Scrolls
 g - a scroll of summoning
 o - 3 scrolls of identify
 q - 10 scrolls of teleportation
 r - a scroll of silence
 A - 2 scrolls of enchant armour
 G - a scroll of blinking {!r}
Potions
 c - 3 potions of haste
 j - 4 potions of berserk rage {unknown}
 l - a potion of invisibility
 n - a potion of resistance
 s - 7 potions of curing
 t - a potion of flight {unknown}
 u - 2 potions of might {unknown}
 v - a potion of attraction {!q}
 w - 2 potions of mutation {unknown}
 D - a potion of cancellation
 E - a potion of brilliance


   Skills:
 - Level 10.0 Fighting
 - Level 2.6 Long Blades
 + Level 2.6 Maces & Flails
 * Level 4.8 Shields
 - Level 10.0 Spellcasting


You had 15 spell levels left.
You knew the following spells:

 Your Spells              Type           Power      Damage    Failure   Level
a - Scorch                Fire           94%        2d9       1%          2
b - Magic Dart            Conj           100%       1d8       1%          1
c - Call Imp              Summ           47%        N/A       1%          2
d - Inner Flame           Hex/Fire       47%        N/A       1%          3
e - Portal Projectile     Hex/Tloc       94%        N/A       1%          3
f - Dispel Undead         Necr           47%        3d18      1%          4
Your spell library was empty.

Dungeon Overview and Level Annotations

Branches:
Dungeon (10/15)            Temple (1/1) D:4            Lair (0/6) D:10
Ossuary (visited)
    Orc: D:9-12

Altars:
Ashenzari
Cheibriados
Dithmenos
Elyvilon
Fedhas
Gozag
Hepliaklqana
Makhleb
Nemelex Xobeh
Okawaru
Ru
Sif Muna
Trog
Uskayaw
Vehumet
Wu Jian
Xom
Yredelemnul
Zin
The Shining One
Lugonu

Annotations:
D:6 2 transporters, Ijustatesigmund's ghost, novice GnFi
D:8 2 runed translucent doors
D:10 3 runed translucent doors, TimeIsEndless's ghost, novice FoFi; Urug


Innate Abilities, Weirdness & Mutations

You are a tree.
Your roots penetrate the ground, keeping you stationary.
You cannot be teleported.
You are immune to unholy pain and torment.
Your maximum health is greatly increased.
Your equipment is partially melded.
You are immune to sickness and miasma.
You are immune to poison.
((Your flesh is very heat resistant. (rF++)))
((You are vulnerable to cold. (rC-)))
You float through the air rather than walking.
You learn spells naturally, not from books.
Your magical power is your life essence.
You have superior vitality. (+4 HP)


Message History

There is an open door here.
You reach down and close the door.
An orc comes into view. It is wielding a +0 mace.
The orc shouts!
Urug squints and screams, "A harpy?
Time to die, you blasted buzzard!" The orc completely misses you.
The orc closely misses you. Urug screams, "I'm goin' to kill you!
Now!"
Casting: Magic Dart (safe; 1% risk of failure)
Confirm with . or Enter, or press ? or * to list all spells.
A beastly little devil appears in a puff of frigid air.
The orc barely misses you.
You take 2 damage, and have 83/85 hp.
What are your orders? t - Shout!
Orders for allies: a - Attack new target. r - Retreat! s - Stop attacking. g - Guard the area. f - Follow me.
Anything else - Cancel.
Gang up on whom?
Press: ? - help, Dir - move target, f - Urug
Aim: Urug, wielding a +1 vorpal long sword, wearing a +0 chain mail and quivering javelins Attack!
The orc closely misses you.
Unknown command.
You swap places.
Urug throws a javelin.
The javelin pierces through your white imp!!
Your white imp disappears in a puff of smoke!
The javelin misses you.
You hit the orc. The orc hits you with a +0 mace.
You sock the orc! Urug closely misses you.
Things that are here:
a +0 mace; a +0 chain mail; an orc corpse
Casting: Call Imp (safe; 1% risk of failure)
Confirm with . or Enter, or press ? or * to list all spells.
Flames lash Urug.
Urug's fire resistance burns away.
Urug hits you with a +1 vorpal long sword.
You take 8 damage, and have 76/85 hp.
Casting: Scorch (safe; 1% risk of failure)
Confirm with . or Enter, or press ? or * to list all spells.
Flames lash Urug.
Urug is burned terribly!
Urug hits you but does no damage.
You take 1 damage, and have 75/85 hp.
Casting: Scorch (safe; 1% risk of failure)
Confirm with . or Enter, or press ? or * to list all spells.
Flames lash Urug.
Urug barely misses you.
You take 2 damage, and have 73/85 hp.
Casting: Scorch (safe; 1% risk of failure)
Confirm with . or Enter, or press ? or * to list all spells.
Flames lash Urug.
Urug is burned terribly!
Urug is no longer more vulnerable to fire.
Urug hits you but does no damage.
You take 2 damage, and have 71/85 hp.
Casting: Scorch (safe; 1% risk of failure)
Confirm with . or Enter, or press ? or * to list all spells.
Flames lash Urug but do no damage.
Urug hits you with a +1 vorpal long sword!!
You take 33 damage, and have 38/85 hp.
MASSIVE DAMAGE!!
You completely miss Urug.
Urug hits you with a +1 vorpal long sword!!
* * * LOW HITPOINT WARNING * * *
x2 You take 26 damage, and have 12/85 hp.
MASSIVE DAMAGE!!
You closely miss Urug. Urug misses you.
Really quaff
x - a potion of lignification {!q}?
Really quaff the potion of lignification?
You turn into a tree.
Your +2 hat melds into your body.
Your +2 pair of gloves melds into your body.
Your +0 steam dragon scales melds into your body.
Your roots penetrate the ground.
Urug barely misses you.
You now have 19/127 hp.
You are confused.
You feel invigorated.
Urug hits you with a +1 vorpal long sword!
* * * LOW HITPOINT WARNING * * *
x2 You take 15 damage, and have 4/127 hp.
You cannot move. (Use ctrl+direction or * direction to attack without moving.)
You cannot move. (Use ctrl+direction or * direction to attack without moving.)
You cannot move. (Use ctrl+direction or * direction to attack without moving.)
You cannot move. (Use ctrl+direction or * direction to attack without moving.)
You cannot move. (Use ctrl+direction or * direction to attack without moving.)
You cannot move. (Use ctrl+direction or * direction to attack without moving.)
You cannot move. (Use ctrl+direction or * direction to attack without moving.)
You cannot move. (Use ctrl+direction or * direction to attack without moving.)
You cannot move. (Use ctrl+direction or * direction to attack without moving.)
You cannot move. (Use ctrl+direction or * direction to attack without moving.)
You cannot move. (Use ctrl+direction or * direction to attack without moving.)
You cannot move. (Use ctrl+direction or * direction to attack without moving.) Unknown command.
Urug is nearby!
Unknown command.
Urug is nearby!
Unknown command.
Urug is nearby!
Unknown command.
Urug is nearby!
Unknown command.
Urug is nearby!
Unknown command.
You sock Urug! Urug hits you but does no damage.
Urug hits you with a +1 vorpal long sword!
You die...

###.####### # #.........#
## #.#.#####.# .# #.#.# #.#
.# #.#.#####.##########
.#######.#.#..............#
..o........#.###.#........#
.#######.....# #.#..##.#..#
.# #.....###♣#..##.#..# .#
#.......o.#..#..#..# ## ##
#.....#####..#.##..# #.
###.### #..#.##..# #. ###
#.# #........# #. ..##
##+## ####.##### #. #..#
##...## #.# #. #..#
##.....## ##†# ## #..#
##.......## ##..# #


You could see Urug.

Vanquished Creatures
  A two-headed ogre (D:10)
  Pikel (D:4)
  3 centaur zombies (D:10)
  A gargoyle (D:10)
  A troll (D:10)
  Grinder (D:5)
  Sigmund (D:2)
  2 wyverns
  A steam dragon (D:9)
  Menkaure (D:4)
  4 water moccasins (D:7)
  A sky beast (D:7)
  3 orc warriors
  3 ice beasts
  A kobold brigand (D:10)
  3 bullfrogs
  A scorpion (D:5)
  A gnoll sergeant (D:9)
  3 water moccasin zombies (Ossuary)
  A wyvern skeleton (D:7)
  A water moccasin skeleton (D:6)
  9 wights
  6 killer bees (D:8)
  An electric eel (D:9)
  5 howler monkeys
  A jelly (D:5)
  4 orc priests
  3 hounds
  4 centaur skeletons
  4 iguanas (D:6)
  An iron imp (D:6)
  Jessica (D:2)
  Ijyb (D:5)
  7 orc wizards
  3 killer bee zombies
  A hound skeleton (D:4)
  2 mummies (Ossuary)
  A howler monkey zombie (D:8)
  5 gnolls (D:9)
  5 adders
  2 shadow imps (D:8)
  2 white imps
  3 adder zombies (Ossuary)
  2 dart slugs (D:1)
  17 orcs
  3 ball pythons
  2 bats (D:2)
  4 endoplasms
  A giant cockroach (D:3)
  5 gnoll zombies (Ossuary)
  12 goblins
  9 hobgoblins
  3 jackals (D:1)
  7 kobolds
  2 quokkas
  7 hobgoblin zombies (Ossuary)
  2 kobold zombies (Ossuary)
  An orc zombie (Ossuary)
  2 rats (D:3)
185 creatures vanquished.

Vanquished Creatures (collateral kills)
  3 adders (D:3)
  An orc (D:10)
4 creatures vanquished.

Vanquished Creatures (others)
  91 foxfires
  8 plants (D:10)
99 creatures vanquished.

Grand Total: 288 creatures vanquished

Notes
Turn   | Place    | Note
-------+----------+-------------------------------------------
     0 | D:1      | IndexError the Djinni Cinder Acolyte began the quest for
                  | the Orb.
     0 | D:1      | Reached XP level 1. HP: 20/20 MP: 0/0
   425 | D:1      | Reached XP level 2. HP: 17/25 MP: 0/0
   644 | D:1      | Found a faded altar of an unknown god.
  1525 | D:2      | Noticed Jessica
  1534 | D:2      | Killed Jessica
  1535 | D:2      | Reached skill level 3 in Spellcasting
  1535 | D:2      | Reached XP level 3. HP: 21/31 MP: 0/0
  1535 | D:2      | Learned a level 1 spell: Magic Dart
  1868 | D:2      | Reached XP level 4. HP: 36/37 MP: 0/0
  1953 | D:2      | Reached skill level 4 in Fighting
  2217 | D:2      | You are sucked into a shaft and drop 2 floors!
  2391 | D:2      | Noticed Sigmund
  2406 | D:2      | Killed Sigmund
  2407 | D:2      | Reached skill level 5 in Fighting
  2407 | D:2      | Reached XP level 5. HP: 43/43 MP: 0/0
  2407 | D:2      | Learned a level 2 spell: Call Imp
  2407 | D:2      | Reached XP level 6. HP: 49/49 MP: 0/0
  2408 | D:2      | Reached skill level 4 in Spellcasting
  3446 | D:3      | Found a blossoming altar of Fedhas.
  3611 | D:4      | Found a sparkling altar of Nemelex Xobeh.
  3769 | D:4      | Noticed Pikel
  3790 | D:4      | Killed Pikel
  3791 | D:4      | Reached skill level 6 in Fighting
  3791 | D:4      | Reached skill level 5 in Spellcasting
  3791 | D:4      | Reached XP level 7. HP: 57/57 MP: 0/0
  3791 | D:4      | Learned a level 3 spell: Inner Flame
  3791 | D:4      | Reached XP level 8. HP: 62/62 MP: 0/0
  3837 | D:4      | Found a staircase to the Ecumenical Temple.
  3872 | Temple   | Entered the Ecumenical Temple
  4084 | D:4      | Noticed Menkaure
  4092 | D:4      | Killed Menkaure
  4093 | D:4      | Reached skill level 7 in Fighting
  4358 | D:5      | Entered Level 5 of the Dungeon
  4639 | D:5      | Noticed Ijyb
  4660 | D:5      | Killed Ijyb
  5092 | D:5      | Found a bloodstained altar of Trog.
  5117 | D:5      | Noticed Grinder
  5131 | D:5      | Killed Grinder
  5132 | D:5      | Reached skill level 6 in Spellcasting
  5835 | D:6      | Reached skill level 8 in Fighting
  5835 | D:6      | Reached XP level 9. HP: 58/70 MP: 0/0
  5835 | D:6      | Learned a level 3 spell: Portal Projectile
  5852 | D:6      | Found a sand-covered staircase.
  5874 | Ossuary  | Entered an ossuary
  6905 | D:6      | Noticed Ijustatesigmund's ghost (novice GnFi)
  6921 | D:6      | Noticed a queen bee
  7431 | D:6      | Found a transporter.
  7448 | D:6      | Found a snail-covered altar of Cheibriados.
  7594 | D:6      | Found a transporter.
  7773 | D:6      | Found a hide-covered altar of Uskayaw.
  7773 | D:6      | Found a basalt altar of Yredelemnul.
  7981 | D:6      | Reached skill level 9 in Fighting
  8016 | D:6      | Reached skill level 7 in Spellcasting
  8089 | D:6      | Identified the +10 flail "Nerecwa" {antimagic, *Slow rElec
                  | Will+ Dex+3}
  8305 | D:6      | Found an iron altar of Okawaru.
  9438 | D:7      | Found a glowing silver altar of Zin.
  9534 | D:7      | Reached XP level 10. HP: 74/79 MP: 0/0
  9686 | D:7      | Reached skill level 10 in Fighting
  9916 | D:7      | Reached skill level 8 in Spellcasting
 10438 | D:8      | Found a large runed translucent door.
 10439 | D:8      | Found a large runed translucent door.
 10778 | D:8      | Identified the +3 chain mail "Elifutwi" {Harm rF++ Str-5
                  | SInv}
 11340 | D:8      | Found a glowing golden altar of the Shining One.
 11579 | D:8      | Reached skill level 9 in Spellcasting
 11597 | D:8      | Noticed a purple ugly thing
 13029 | D:10     | Entered Level 10 of the Dungeon
 13029 | D:10     | Found a runed translucent gate.
 13093 | D:10     | Found a hazy altar of Hepliaklqana.
 13135 | D:10     | Noticed a gargoyle
 13149 | D:10     | Killed a gargoyle
 13323 | D:10     | Found a runed translucent gate.
 13324 | D:10     | Noticed a nine-headed hydra
 13324 | D:10     | Noticed a 12-headed hydra
 13325 | D:10     | Found a runed translucent gate.
 13326 | D:10     | Noticed TimeIsEndless's ghost (novice FoFi)
 13404 | D:10     | Noticed a two-headed ogre
 13413 | D:10     | Killed a two-headed ogre
 13414 | D:10     | Reached skill level 10 in Spellcasting
 13414 | D:10     | Reached skill level 1 in Maces & Flails
 13414 | D:10     | Reached skill level 2 in Shields
 13414 | D:10     | Reached XP level 11. HP: 79/85 MP: 0/0
 13414 | D:10     | Learned a level 4 spell: Dispel Undead
 13525 | D:10     | Reached skill level 3 in Shields
 13969 | D:10     | Reached skill level 2 in Maces & Flails
 13969 | D:10     | Reached skill level 4 in Shields
 14099 | D:10     | Found a staircase to the Lair.
 14433 | D:10     | Noticed Urug
 14484 | D:10     | HP: 18/85 [Urug (21)]
 14487 | D:10     | HP: 4/127 [Urug (5)]
 14488 | D:10     | Slain by Urug

Illustrated notes

Levels and vault maps discovered:
D:1:      shiori_shiawase, layout_loops_ring, basic_ecumenical_altar
D:2:      cheibrodos_greedy_goblins, layout_loops_cross, bh_walls_and_bars,
          uniq_jessica, uniq_sigmund
D:3:      layout_rooms, marbit_many_paths
D:4:      layout_rooms, nemelex_xobeh_ov_fountains_minmay,
          minmay_temple_entry_wispy, uniq_menkaure, uniq_pikel
D:5:      layout_gridville, general_overflow_altar, uniq_ijyb, uniq_grinder
D:6:      minmay_spotlight, layout_cave_pods, mainiacjoe_overflow_boulevard,
          slow_altar_2, gammafunk_temple_overflow_elements,
          nicolae_ossuary_entry_false_entrances, gammafunk_ghost_hive
D:7:      layout_gridville, mainiacjoe_overflow_alcove_1
D:8:      layout_rooms, overflow_temple_1_default, jmf_multi_god_temple2,
          glass_columns_a
D:9:      layout_basic, water_maze_lemuel
D:10:     layout_loops_corners, nicolae_hepliaklqana_hazy_memory, led_sif_book,
          lair_entry_dummy, gammafunk_ghost_hydra_chop, uniq_urug
Temple:   corrupted_temple

Skill      XL: |  1  2  3  4  5  6  7  8  9 10 11 |
---------------+----------------------------------+-----
Spellcasting   | 3 5 6 7 10 | 10.0
Fighting       | 5 6 8 9 10 | 10.0
Maces & Flails | 1 2 |  2.6
Shields        | 2 4 |  4.8
Long Blades    | |  2.6

Action                   |  1- 3 |  4- 6 |  7- 9 | 10-12 || total
-------------------------+-------+-------+-------+-------++-------
Melee: Falchion          |    35 |     8 |       |       ||    43
       Staff             |       |    50 |       |       ||    50
       Whip              |       |       |   110 |       ||   110
       Flail             |       |       |    26 |    68 ||    94
 Fire: Hunting sling     |     4 |    68 |       |       ||    72
 Cast: Scorch            |     2 |     7 |    92 |    81 ||   182
       Magic Dart        |     4 |    20 |    79 |    56 ||   159
       Call Imp          |       |     1 |     2 |     8 ||    11
       Inner Flame       |       |       |       |     9 ||     9
Invok: Foxfire Swarm     |     1 |     2 |     2 |       ||     5
Evoke: Wand              |       |       |       |     3 ||     3
  Use: Potion            |       |     4 |       |     2 ||     6
       Scroll            |       |       |     8 |    13 ||    21
Armor: Robe              |     5 |    29 |    25 |       ||    59
       Skin              |       |     1 |       |     1 ||     2
       Ring mail         |       |       |       |    24 ||    24
       Steam dragon scal |       |       |       |    47 ||    47
Dodge: Dodged            |    22 |    54 |    75 |   104 ||   255

Table legend: (Time is in decaauts)
 A = Elapsed time spent in this place.
 B = Non-inter-level travel time spent in this place.
 C = Inter-level travel time spent in this place.
 D = Time resting spent in this place.
 E = Time spent auto-exploring this place.
 F = Levels seen in this place.
 G = Mean time per level.
                   A        B        C        D        E       F      G
               +--------+--------+--------+--------+--------+-----+--------+
         Total |  14551 |  13709 |    842 |      0 |  11896 |  12 | 1212.6 |
       Dungeon |  13538 |  12710 |    828 |      0 |  11012 |  10 | 1353.8 |
        Temple |     81 |     67 |     14 |      0 |     59 |   1 |   81.0 |
       Ossuary |    931 |    931 |      0 |      0 |    825 |   1 |  931.0 |
               +--------+--------+--------+--------+--------+-----+--------+

Top non-repeatable levels by time:
     D:6: 2036 daAuts
     D:7: 1789 daAuts
    D:10: 1412 daAuts
     D:5: 1408 daAuts
     D:9: 1393 daAuts
     D:2: 1247 daAuts
     D:1: 1190 daAuts
     D:8: 1156 daAuts
     D:3: 1041 daAuts
 Ossuary: 931 daAuts
     D:4: 860 daAuts
  Temple: 81 daAuts

Table legend:
 A = Kills in this place as a percentage of kills in entire the game.
 B = Kills by you in this place as a percentage of kills by you in the entire game.
 C = Kills by friends in this place as a percentage of kills by friends in the entire game.
 D = Other kills in this place as a percentage of other kills in the entire game.
 E = Experience gained in this place as a percentage of experience gained in the entire game.
 F = Experience gained in this place divided by the number of levels of this place that you have seen.
                   A       B       C       D       E      F
               +-------+-------+-------+-------+-------+----------------------
         Total | 100.0 | 100.0 | 100.0 |   N/A | 100.0 | 838.8
       Dungeon |  87.8 |  87.6 | 100.0 |   N/A |  96.9 | 975.6
       Ossuary |  12.2 |  12.4 |   0.0 |   N/A |   3.1 | 310.0
               +-------+-------+-------+-------+-------+----------------------
